 Dungeon Crawl Stone Soup version 0.30.1-3-gfc49f6343a (webtiles) character file.

Game seed: 17771644266294306333

235 H0rd4k the Sneak (level 6, -4/38 HPs)
             Began as an Octopode Artificer on Aug 2, 2023.
             Slain by an iguana (8 damage)
             ... on level 4 of the Dungeon.
             The game lasted 00:02:44 (2551 turns).

H0rd4k the Sneak (Octopode Artificer)               Turns: 2551, Time: 00:02:44

Health: -4/38      AC:  1    Str: 11    XL:     6   Next: 6%
Magic:  6/6        EV: 14    Int: 16    God:
Gold:   157        SH:  0    Dex: 12    Spells: 5/5 levels left

rFire   . .          .
                       - Unarmed
rCold   . . .        (no shield)
rNeg    . . .        (helmet restricted)
rPois   .            (no amulet)
rElec   .            o - ring of resist corrosion
rCorr   +            (no ring)
SInv    .            (no ring)
Will    .....        (no ring)
Stlth   +++          (no ring)
HPRegen 0.26/turn    (no ring)
MPRegen 0.10/turn    (no ring)
                     (no ring)

%: no passive effects
@: no status effects
A: almost no armour, amphibious, 8 rings, camouflage 1, gelatinous body 1,
(nimble swimmer 1), tentacles
a: no special abilities


You were on level 4 of the Dungeon.
You visited 1 branch of the dungeon, and saw 4 of its levels.

You collected 157 gold pieces.

Inventory:

Jewellery
 o - a ring of resist corrosion (left tentacle)
Wands
 b - a wand of flame (11) (quivered)
 c - a wand of charming (6)
 d - a wand of iceblast (5)
Scrolls
 f - 2 scrolls of identify {unknown}
 g - 2 scrolls of teleportation {unknown}
 i - a scroll of amnesia {unknown}
 j - a scroll of poison {unknown}
 m - a scroll of noise {unknown}
 n - a scroll of enchant weapon {unknown}
 p - a scroll of fear {unknown}
Potions
 a - a potion of berserk rage {unknown}
 e - 2 potions of mutation {unknown}
 h - 3 potions of attraction {unknown}
 k - a potion of ambrosia {unknown}
 l - a potion of lignification {unknown}


   Skills:
 + Level 1.6 Fighting
 + Level 3.5 Dodging
 + Level 4.3 Stealth
 + Level 3.0 Unarmed Combat
 + Level 4.1 Evocations


You had 5 spell levels left.
You didn't know any spells.
Your spell library contained the following spells:

 Spells                   Type           Power      Damage    Failure   Level
 Lesser Beckoning         Tloc           0%         N/A       36%         2
 Gell's Gravitas          Tloc           0%         N/A       58%         3
 Teleport Other           Tloc           0%         N/A       58%         3
 Passage of Golubria      Tloc           0%         N/A       94%         4
 Silence                  Hex/Air        0%         N/A       100%        5
 Lehudib's Crystal Spear  Conj/Erth      0%         10d2      100%        8


Dungeon Overview and Level Annotations

Branches:
Dungeon (4/15)             Temple (0/1) D:4

Altars:
Dithmenos
Qazlal


Innate Abilities, Weirdness & Mutations

You cannot wear most types of armour.
You are amphibious.
You can wear up to eight rings at the same time.
Your skin changes colour to match your surroundings (Stealth+).
Your rubbery body absorbs attacks. (AC +1, EV +1)
((You are camouflaged when in or above water. (Stealth+)))
You have tentacles for arms and can constrict up to eight enemies at once.


Message History

Aiming: Charm
Press: ? - help, Shift-Dir - straight line, f - ogre
Aim: an ogre, wielding a +0 giant spiked club (chance to affect: 59%)
The ogre resists with significant effort.
The goblin misses you.
Unknown command.
Aiming: Charm
Press: ? - help, Shift-Dir - straight line, f/p - ogre
Aim: an ogre, wielding a +0 giant spiked club (chance to affect: 59%)
The ogre resists with significant effort.
The goblin misses you.
Unknown command.
You tentacle-slap the hobgoblin but do no damage.
Your grab misses the hobgoblin. You tentacle-slap the hobgoblin.
The hobgoblin is moderately wounded.
The hobgoblin hits you but does no damage.
The goblin closely misses you.
You tentacle-slap the hobgoblin but do no damage.
You grab the hobgoblin.
The hobgoblin is moderately wounded.
You constrict the hobgoblin. The hobgoblin hits you.
The goblin hits you with a +0 dagger.
You tentacle-slap the hobgoblin.
You kill the hobgoblin!
The goblin barely misses you.
Aiming: Charm
Press: ? - help, Shift-Dir - straight line, f/p - ogre
Aim: an ogre, wielding a +0 giant spiked club (chance to affect: 59%)
The ogre resists with significant effort.
The ogre hits you with a +0 giant spiked club!!
Ouch! That really hurt!
* * * LOW HITPOINT WARNING * * *
The goblin hits you with a +0 dagger.
* * * LOW HITPOINT WARNING * * *
Unknown command.
Aiming: Charm
Press: ? - help, Shift-Dir - straight line, f/p - ogre
Aim: an ogre, wielding a +0 giant spiked club (chance to affect: 59%)
The ogre is charmed.
The iguana bites you!
You die...

...... ##.....
...... #....####
.. #.......##.# .
##.#.K.#......#
..#...#g#K......#
.....ol@O..###...
......#.#........
..##.#...#....>..
#..........#> #
##....#....# ...
.......#....#..##
........##........
#.........<.......
#...........##....


You could see an iguana, an orc, a goblin, 2 kobolds and a friendly ogre
(charmed).

Vanquished Creatures
  2 orc priests (D:3)
  3 orc wizards (D:3)
  A worm (D:2)
  2 dart slugs
  10 orcs
  4 endoplasms (D:1)
  3 giant cockroaches (D:1)
  9 goblins
  10 hobgoblins
  2 jackals (D:1)
  13 kobolds
  5 ball pythons
  5 bats
  4 frilled lizards
  5 rats
78 creatures vanquished.

Vanquished Creatures (collateral kills)
  4 orcs (D:3)
4 creatures vanquished.

Vanquished Creatures (others)
  An orc wizard (D:3)
1 creature vanquished.

Grand Total: 83 creatures vanquished

Notes
Turn   | Place    | Note
-------+----------+-------------------------------------------
     0 | D:1      | H0rd4k the Octopode Artificer began the quest for the Orb.
     0 | D:1      | Reached XP level 1. HP: 13/13 MP: 1/1
   188 | D:1      | Found a faded altar of an unknown god.
   192 | D:1      | Reached XP level 2. HP: 18/18 MP: 2/2
   412 | D:1      | Reached XP level 3. HP: 23/23 MP: 3/3
  1071 | D:2      | Reached skill level 1 in Unarmed Combat
  1434 | D:3      | Reached XP level 4. HP: 10/28 MP: 4/4
  1655 | D:3      | Reached XP level 5. HP: 31/33 MP: 5/5
  1715 | D:3      | Found a shadowy altar of Dithmenos.
  1943 | D:3      | Found a stormy altar of Qazlal.
  2188 | D:3      | Reached XP level 6. HP: 16/38 MP: 6/6
  2537 | D:4      | Found a staircase to the Ecumenical Temple.
  2551 | D:4      | Slain by an iguana

Illustrated notes

Levels and vault maps discovered:
D:1:      minmay_arrival_up_and_down, layout_rooms,
          dilly_ecumenical_altar_fadedgnrine, nicolae_kite_square_tiling_tiny
D:2:      layout_loops_ring
D:3:      corexii_shack_village, layout_basic, lemuel_tele_altar,
          grunt_dithmenos_smoke
D:4:      layout_cave_pools, minmay_temple_entry_crystal_x, st_stairs_14,
          reono_crystal_passage

Skill      XL: |  1  2  3  4  5  6 |
---------------+-------------------+-----
Dodging        | 3 |  3.5
Stealth        | 2 3 4 |  4.3
Unarmed Combat | 1 2 3 |  3.0
Evocations     | 4 |  4.1
Fighting       | |  1.6

Action                     |  1- 3 |  4- 6 || total
---------------------------+-------+-------++-------
  Melee: Unarmed           |   109 |    62 ||   171
         Constrict         |    34 |    20 ||    54
         Tentacles         |    25 |    13 ||    38
         Punch             |     5 |     2 ||     7
  Evoke: Wand              |     2 |    11 ||    13
   Stab: Sleeping          |     5 |    12 ||    17
 Armour: Skin              |     9 |     2 ||    11
  Dodge: Dodged            |    72 |    25 ||    97
